 Dungeon Crawl Stone Soup version 0.27.1-3-gb3d3a73c9e (webtiles) character file.

Game seed: 16370829214101414848

2 TigerRab the Caller (level 1, 6/9 HPs)
             Began as a Spriggan Summoner on Oct 13, 2021.
             Got out of the dungeon alive.
             The game lasted 00:03:03 (259 turns).

TigerRab the Caller (Spriggan Summoner)              Turns: 259, Time: 00:03:04

Health: 6/9        AC:  2    Str:  4    XL:     1   Next: 25%
Magic:  5/5        EV: 17    Int: 16    God:
Gold:   0          SH:  0    Dex: 15    Spells: 4/5 levels left

rFire    . . .     SeeInvis +   (weapon restricted)
rCold    . . .     Faith    .   (shield restricted)
rNeg     . . .     Spirit   .   a - +0 robe
rPois    .         Reflect  .   (helmet restricted)
rElec    .         Harm     .   (no cloak)
rCorr    .         Rampage  .   (gloves unavailable)
Will     .....                  (boots unavailable)
Stlth    ++........             (no amulet)
HPRegen  0.03/turn              (no ring)
MPRegen  0.09/turn              (no ring)

@: very quick
A: very small, no large weapons, unfitting armour, see invisible, speed 3
a: no special abilities


You escaped.
You visited 1 branch of the dungeon, and saw 1 of its levels.

Inventory:

Armour
 a - a +0 robe (worn)
Potions
 b - 2 potions of curing {unknown}


   Skills:
 + Level 2.6 Dodging
 + Level 3.0 Stealth
 + Level 2.7 Spellcasting
 + Level 3.3 Summonings


You had 4 spell levels left.
You knew the following spells:

 Your Spells              Type           Power      Damage    Failure   Level
a - Summon Small Mammal   Summ           48%        N/A       4%          1

Your spell library contained the following spells:

 Spells                   Type           Power      Damage    Failure   Level
 Call Imp                 Summ           12%        N/A       8%          2
 Call Canine Familiar     Summ           12%        N/A       14%         3
 Summon Guardian Golem    Hex/Summ       7%         N/A       28%         3
 Summon Lightning Spire   Summ/Air       7%         N/A       67%         4


Dungeon Overview and Level Annotations

Branches:
Dungeon (1/15)

Altars:


Innate Abilities, Weirdness & Mutations

You are very small and have problems with some larger weapons.
You are too small for most types of armour.
You have supernaturally acute eyesight. (SInv)
You cover ground extremely quickly. (Speed+++)


Message History

Things that are here:
a +0 club; a goblin corpse A ball python comes into view.
The ball python hisses angrily.
The ball python moves out of view.
Found 2 gold pieces.
The ball python closely misses you. The ball python completely misses you.
Your bat hits the ball python. The ball python bites you.
The ball python closely misses you.
Your bat misses the ball python.
You swap places.
Your bat misses the ball python.
Your bat barely misses the ball python.
Your bat closely misses the ball python.
The ball python closely misses you. The ball python completely misses you.
Your bat hits the ball python. Your bat hits the ball python.
The ball python dies!
You swap places.
You swap places.
You swap places.
You swap places.
You swap places.
Your quokka disappears in a puff of smoke!
Your bat disappears in a puff of smoke!
You see here a ball python corpse.
You swap places.
Your bat disappears in a puff of smoke!
You see here a ball python corpse.
You see here a ball python corpse.
You see here a ball python corpse.
You see here a ball python corpse.
You see here a ball python corpse.
You see here a ball python corpse.
You see here a ball python corpse.
You see here a ball python corpse.
b - 2 puce potions
There is a staircase leading out of the dungeon here.
You can't go down here!
Are you sure you want to leave the Dungeon?
This will make you lose the game!
You have escaped!

............).....#
..................#
#####...#######...#
#...# #...# . #...#
#...# ..#####...#
#...#
..........#######...#
....................#
#####........>..@...#
# #...####........# #
#...# #...##...#
#####...####...##..$#
.)..................#
....................#
##.##################
#.# ..#


There were no monsters in sight!

Vanquished Creatures (collateral kills)
  An endoplasm (D:1)
  A ball python (D:1)
  A goblin (D:1)
3 creatures vanquished.

Notes
Turn   | Place    | Note
-------+----------+-------------------------------------------
     0 | D:1      | TigerRab the Spriggan Summoner began the quest for the Orb.
     0 | D:1      | Reached XP level 1. HP: 9/9 MP: 5/5
   259 | D:$      | Got out of the dungeon alive.

Illustrated notes

Levels and vault maps discovered:
D:1:      dpeg_arrival_boxorama, layout_loops_ring, item_on_display_a

Action                   || total
-------------------------++-------
Melee: Unarmed           ||     4
 Cast: Summon Small Mamm ||     4
Armor: Robe              ||     1
Dodge: Dodged            ||    12
